 Dungeon Crawl Stone Soup version 0.18-a0 (webtiles) character file.

1911 Ordine the Thaumaturge (level 8, 0/45 HPs)
             Began as a Deep Elf Wizard on Oct 30, 2015.
             Slain by a centaur warrior (7 damage)
             ... on level 6 of the Dungeon.
             The game lasted 00:21:07 (7150 turns).

Ordine the Thaumaturge (Deep Elf Wizard)            Turns: 7150, Time: 00:21:08

Health: 0/45       AC:  9    Str:  4    XL:     8   Next: 95%
Magic:  10/22      EV: 14    Int: 26    God:
Gold:   354        SH:  0    Dex: 13    Spells: 5 memorised, 13 levels left

rFire  . . .     SeeInvis .     r - +2 dagger (protect)
rCold  + . .     Clarity  .     a - +0 robe
rNeg   . . .     SustAt   .     (no shield)
rPois  .         Gourm    .     b - +0 hat
rElec  .         Spirit   .     k - +0 cloak (curse)
rCorr  .         Warding  .     e - +0 pair of gloves
rMut   .         Stasis   .     (no boots)
MR     .....                    (no amulet)
Stlth  ++........               (no ring)
                                f - ring of protection from cold

@: very slightly contaminated, repel missiles, not resistant to hostile
enchantments, unstealthy
A: no striking features
a: no special abilities


You were on level 6 of the Dungeon.
You were hungry.

You visited 1 branch of the dungeon, and saw 6 of its levels.

You collected 396 gold pieces.
You spent 42 gold pieces at shops.

Inventory:

Hand Weapons
 r - a +2 dagger of protection (weapon)
Armour
 a - a +0 robe (worn)
 b - a +0 hat (worn)
 e - a +0 pair of gloves (worn)
 k - a cursed +0 cloak (worn)
Jewellery
 f - a ring of protection from cold (left hand)
Wands
 l - a wand of paralysis (10)
 u - a wand of fireball (9)
Scrolls
 i - a scroll of fear
 p - a scroll of recharging
 q - 3 scrolls of remove curse
 t - a scroll of fog
Potions
 g - a potion of might
 h - a potion of brilliance
 j - 3 potions of invisibility
 o - a potion of curing {unknown}
 s - a potion of heal wounds {unknown}
Books
 c - a book of Minor Magic

   Spells                             Type                      Level
   a - Magic Dart                     Conjuration                  1
   b - Blink                          Translocation                2
   c - Call Imp                       Summoning                    2
   d - Repel Missiles                 Charms/Air                   2
   e - Slow                           Hexes                        2
   f - Conjure Flame                  Conjuration/Fire             3
   g - Mephitic Cloud                 Conjuration/Poison/Air       3
Comestibles
 d - 5 bread rations
 m - 2 slices of pizza
 n - 11 fruits


   Skills:
 + Level 2.9 Fighting
 + Level 3.1 Short Blades
 + Level 5.0 Dodging
 - Level 2.4 Stealth
 * Level 8.6 Spellcasting
 + Level 5.7 Conjurations
   Level 1.1 Summonings
 - Level 3.1 Translocations
 + Level 3.7 Fire Magic
 + Level 3.3 Air Magic


You had 13 spell levels left.
You knew the following spells:

 Your Spells              Type           Power        Failure   Level  Hunger
a - Magic Dart            Conj           ####         1%          1    None
b - Blink                 Tloc           N/A          2%          2    None
c - Conjure Flame         Conj/Fire      #####...     2%          3    None
d - Mephitic Cloud        Conj/Pois/Air  ####....     6%          3    None
e - Repel Missiles        Chrm/Air       ###...       4%          2    None


Dungeon Overview and Level Annotations

Branches:
Dungeon (6/15)
 Temple: D:4-7

Altars:
Gozag
Kikubaaqudgha
Sif Muna

Shops:
D:4 (


Message History

Confirm with . or Enter, or press ? or * to list all spells.
You can't see any susceptible monsters within range! (Use Z to cast anyway.)
Casting: Magic Dart
Confirm with . or Enter, or press ? or * to list all spells.
You can't see any susceptible monsters within range! (Use Z to cast anyway.)
Casting: Magic Dart
Confirm with . or Enter, or press ? or * to list all spells.
You can't see any susceptible monsters within range! (Use Z to cast anyway.)
Casting: Magic Dart
Confirm with . or Enter, or press ? or * to list all spells.
You miscast Blink.
You are very lightly contaminated with residual magic.
Nothing appears to happen.
The centaur warrior shoots an arrow.
The arrow is repelled.
Casting: Blink
Confirm with . or Enter, or press ? or * to list all spells.
You blink.
The centaur warrior unwields an uncursed shortbow.
The centaur warrior hits you!
You die...

.......<......#..#...##..#.†.
..............#..#...##'##..)
.........)....#..#...#...#...
..............#..#...+...'...
..............#..#...#...#...
..............############...
##########......[............
#.......§(..........
#.c@................
#...................
#.....#########.....
#.....#.......'.....
#.....#.......#.....
#.....#.......######
##.....#####...##....
#....#######...##....
#....'..........'....


You could see a centaur warrior.

Vanquished Creatures
  Pikel (D:6)
  Sigmund (D:6)
  An ice beast (D:5)
  A phantom (D:5)
  3 ogres
  Blork the orc (D:4)
  3 big kobolds (D:3)
  A water moccasin skeleton (D:4)
  A hound (D:5)
  Crazy Yiuf (D:6)
  A centaur skeleton (D:4)
  An orc wizard (D:4)
  An orc priest (D:5)
  Natasha (thrice) (D:2)
  A worker ant (D:5)
  A hound skeleton (D:6)
  Robin (D:4)
  9 gnolls (D:3)
  7 adders
  An ooze (D:5)
  An adder skeleton (D:4)
  A worm (D:2)
  3 giant geckos
  15 orcs
  2 bats
  35 hobgoblins
  9 jackals
  2 quokkas
  2 ball pythons
  5 giant cockroaches
  9 giant newts
  45 goblins
  A jackal skeleton (D:4)
  A jackal zombie (D:3)
  7 kobolds
  17 rats
195 creatures vanquished.

Notes
Turn   | Place    | Note
--------------------------------------------------------------
     0 | D:1      | Ordine the Deep Elf Wizard began the quest for the Orb.
     0 | D:1      | Reached XP level 1. HP: 10/10 MP: 7/7
   280 | D:1      | Reached XP level 2. HP: 15/15 MP: 7/9
  1211 | D:2      | Reached XP level 3. HP: 19/19 MP: 8/11
  1215 | D:2      | Learned a level 2 spell: Blink
  1219 | D:2      | Learned a level 3 spell: Conjure Flame
  1223 | D:2      | Learned a level 3 spell: Mephitic Cloud
  1226 | D:2      | Learned a level 2 spell: Repel Missiles
  1279 | D:2      | Found a deep blue altar of Sif Muna.
  1296 | D:2      | Noticed Natasha
  1308 | D:2      | Killed Natasha
  1308 | D:2      | Reached skill level 5 in Spellcasting
  1398 | D:2      | Noticed Natasha
  1400 | D:2      | Killed Natasha
  1400 | D:2      | Reached XP level 4. HP: 24/24 MP: 8/13
  1414 | D:2      | Noticed Natasha
  1415 | D:2      | Killed Natasha
  1700 | D:2      | Found an ancient bone altar of Kikubaaqudgha.
  2614 | D:3      | Reached XP level 5. HP: 28/28 MP: 13/15
  2737 | D:3      | Reached skill level 1 in Fire Magic
  2978 | D:3      | Noticed a big kobold
  3100 | D:3      | Noticed a big kobold
  3110 | D:3      | Killed a big kobold
  3110 | D:3      | Reached skill level 1 in Short Blades
  3110 | D:3      | Reached skill level 1 in Air Magic
  3118 | D:3      | Reached skill level 1 in Fighting
  3118 | D:3      | Reached XP level 6. HP: 21/34 MP: 3/16
  3172 | D:3      | Killed a big kobold
  3172 | D:3      | Reached skill level 6 in Spellcasting
  3225 | D:3      | Noticed a big kobold
  3231 | D:3      | Killed a big kobold
  4224 | D:4      | Reached XP level 7. HP: 38/38 MP: 14/18
  4362 | D:4      | Noticed Blork the orc
  4382 | D:4      | Killed Blork the orc
  4640 | D:4      | Found Mol Kit's Antique Weapon Shop.
  4644 | D:4      | Reached skill level 7 in Spellcasting
  4652 | D:4      | Bought a runed dagger for 42 gold pieces
  4806 | D:4      | Noticed Robin
  4845 | D:4      | Killed Robin
  5296 | D:4      | Found an opulent altar of Gozag.
  5545 | D:5      | Entered Level 5 of the Dungeon
  5778 | D:5      | Reached skill level 5 in Conjurations
  5778 | D:5      | Reached XP level 8. HP: 31/44 MP: 8/21
  6520 | D:6      | Noticed Sigmund
  6530 | D:6      | Killed Sigmund
  6698 | D:6      | Reached skill level 8 in Spellcasting
  6811 | D:6      | Noticed Pikel
  6848 | D:6      | Killed Pikel
  6848 | D:6      | Reached skill level 5 in Dodging
  7048 | D:6      | Noticed Crazy Yiuf
  7055 | D:6      | Killed Crazy Yiuf
  7139 | D:6      | Noticed a centaur warrior
  7150 | D:6      | Slain by a centaur warrior

Vault maps used:
D:1:      lightli_arrival_noodles
D:2:      marbit_many_paths, led_sif_pool, uniq_natasha
D:3:      minmay_goblin_kobold_castle, roderic_greek_sauvastika,
          guppyfry_early_lair_pool
D:4:      serial_shops, shop, first_bread, grunt_gozag_breadcrumbs, uniq_robin,
          uniq_blork_the_orc
D:6:      serial_shops, shop, uniq_sigmund, uniq_crazy_yiuf_cottage, uniq_pikel,
          uniq_menkaure

Action                   |  1- 3 |  4- 6 |  7- 9 || total
-------------------------+-------+-------+-------++-------
Melee: Dagger            |     4 |     5 |     2 ||    11
 Cast: Magic Dart        |    85 |   217 |   234 ||   536
       Repel Missiles    |     1 |     3 |       ||     4
       Blink             |     1 |       |     2 ||     3
       Conjure Flame     |       |     1 |     7 ||     8
       Mephitic Cloud    |       |       |     4 ||     4
  Use: Scroll            |     3 |     6 |     5 ||    14
       Potion            |     1 |       |       ||     1
  Eat: Chunk             |     1 |     9 |     8 ||    18
